 Dungeon Crawl Stone Soup version 0.28-a0-258-g8de209e91f (webtiles) character file.

Game seed: 7427184471594947009

581 graki42 the Ducker (level 7, 0/50 HPs)
             Began as a Djinni Enchanter on Aug 26, 2021.
             Slain by a jelly (1 damage)
             ... on level 5 of the Dungeon.
             The game lasted 00:13:33 (5441 turns).

graki42 the Ducker (Djinni Enchanter)               Turns: 5441, Time: 00:13:34

Health: 0/50       AC:  4    Str: 14    XL:     7   Next: 63%
Gold:   199        EV: 13    Int: 17    God:
                   SH:  0    Dex: 14

rFire   + . .      SeeInvis .   e - +0 dagger (venom)
rCold   . . .      Faith    .   (no shield)
rNeg    . . .      Spirit   .   b - +0 robe
rPois   ∞          Reflect  .   m - +0 helmet
rElec   .          Harm     .   (no cloak)
rCorr   .          Rampage  .   n - +0 pair of gloves
Will    .....                   (boots unavailable)
Stlth   ++........              (no amulet)
HPRegen 0.16/turn               l - +6 ring of strength
MPRegen 0.00/turn               g - ring of ice

@: flying, very slightly contaminated
A: sickness immunity, fire resistance 2, cold vulnerability 1, float, innate
caster, hp casting, extra vitality 1
a: no special abilities


You were on level 5 of the Dungeon.
You visited 1 branch of the dungeon, and saw 5 of its levels.

You collected 238 gold pieces.
You spent 39 gold pieces at shops.

Inventory:

Hand Weapons
 a - a +1 dagger
 e - a +0 dagger of venom (weapon)
Armour
 b - a +0 robe (worn)
 m - a +0 helmet (worn)
 n - a +0 pair of gloves (worn)
Jewellery
 g - a ring of ice (right hand)
 l - a +6 ring of strength (left hand)
 t - a ring of positive energy
 u - a ring of positive energy
Scrolls
 f - a scroll of blinking {unknown}
 k - a scroll of fear {unknown}
 o - a scroll of silence {unknown}
 p - 5 scrolls of noise {unknown}
 q - a scroll of teleportation
 r - a scroll of fog {unknown}
 s - 2 scrolls of identify {unknown}
 v - a scroll of immolation {unknown}
Potions
 c - a potion of invisibility
 d - a potion of curing {unknown}
 h - 2 potions of heal wounds {unknown}
 i - 4 potions of flight {unknown}
 j - 4 potions of haste {unknown}


   Skills:
 + Level 3.1 Fighting
 + Level 3.1 Short Blades
 + Level 4.2 Dodging
 + Level 3.9 Stealth
 + Level 3.5 Spellcasting


You couldn't memorise any spells.
You knew the following spells:

 Your Spells              Type           Power      Damage    Failure   Level
a - Ensorcelled Hibernat  Hex/Ice        44%        N/A       6%          2
b - Confusing Touch       Hex            14%        N/A       12%         3
c - Tukima's Dance        Hex            14%        N/A       12%         3
d - Dazzling Flash        Conj/Hex       28%        N/A       12%         3
e - Sting                 Tmut/Pois      56%        1d5       4%          1
f - Poisonous Vapours     Pois/Air       28%        N/A       6%          2
g - Swiftness             Air            14%        N/A       12%         3
Your spell library was empty.

Dungeon Overview and Level Annotations

Branches:
Dungeon (5/15)
 Temple: D:4-7

Altars:
Cheibriados

Shops:
D:4 *?


Innate Abilities, Weirdness & Mutations

You are immune to sickness and miasma.
You are immune to poison.
Your flesh is very heat resistant. (rF++)
You are vulnerable to cold. (rC-)
You float through the air rather than walking.
You learn spells naturally, not from books.
Your magical power is your life essence.
You have superior vitality. (+4 HP)


Message History

You miscast Confusing Touch.
You are very lightly contaminated with residual magic.
You hear an indistinct dissonance whispering inside your mind.
You feel yourself slow down.
The jelly jiggles.
The black bear bites you. The black bear barely misses you.
The black bear completely misses you. The jelly misses you.
You hit the jelly.
Your hands burn!
The jelly is moderately wounded.
The black bear goes berserk!
The jelly hits you but does no damage.
The jelly hits the hound skeleton.
The hound skeleton is splashed with acid!
The acid corrodes the hound skeleton!
You hit the black bear.
The black bear looks as sick as possible!
The black bear is almost dead.
The black bear bites you. The black bear claws you.
* * * LOW HITPOINT WARNING * * *
The black bear claws you.
* * * LOW HITPOINT WARNING * * *
The black bear closely misses you. The black bear claws you.
* * * LOW HITPOINT WARNING * * *
The black bear claws you.
* * * LOW HITPOINT WARNING * * *
The hound skeleton barely misses you.
The jelly seems less confused.
The black bear barely misses you.
The black bear claws you but does no damage.
The black bear closely misses you.
The hound skeleton bites you but does no damage.
You feel yourself speed up.
You kill the black bear!
A quokka comes into view.
You hit the jelly.
Your hands burn!
* * * LOW HITPOINT WARNING * * *
The jelly is heavily wounded.
The hound skeleton bites you.
* * * LOW HITPOINT WARNING * * *
The jelly hits you.
You die...

.....#
#....#
.....#
##...#
.....#
#...#
.....#
#.....#...#
...
#..$..#...#
#.?⌠[.#...#
#..(..#...#
#.....#...#
#.....#@..#
#...##ZJ.#
#..Z#.†..#
#...#r..##
##......#
#......#
####..⌠#
#####


You could see a jelly, a quokka and a hound skeleton (corroded).

Vanquished Creatures
  A black bear (D:5)
  An ice beast (D:5)
  An ogre (D:4)
  A water moccasin skeleton (D:5)
  A bullfrog skeleton (D:4)
  2 hounds (D:4)
  A jelly (D:4)
  A hound skeleton (D:3)
  3 adders
  A river rat (D:4)
  3 worms (D:2)
  5 orcs
  3 ball pythons
  7 bats
  7 endoplasms
  3 giant cockroaches
  9 goblins
  8 hobgoblins
  3 jackals
  5 kobolds
  7 quokkas
  4 frilled lizards
  7 rats
84 creatures vanquished.

Notes
Turn   | Place    | Note
-------+----------+-------------------------------------------
     0 | D:1      | graki42 the Djinni Enchanter began the quest for the Orb.
     0 | D:1      | Reached XP level 1. HP: 15/15 MP: 0/0
    64 | D:1      | You are sucked into a shaft and drop 1 floor!
   330 | D:2      | Reached skill level 1 in Short Blades
   495 | D:2      | Reached XP level 2. HP: 18/22 MP: 0/0
   595 | D:2      | Found a faded altar of an unknown god.
   900 | D:2      | Reached XP level 3. HP: 26/26 MP: 0/0
   900 | D:2      | Learned a level 1 spell: Sting
  1198 | D:2      | Reached skill level 1 in Fighting
  1880 | D:1      | Reached XP level 4. HP: 30/32 MP: 0/0
  2854 | D:3      | Reached skill level 3 in Dodging
  2965 | D:3      | Reached XP level 5. HP: 30/37 MP: 0/0
  2965 | D:3      | Learned a level 2 spell: Poisonous Vapours
  3419 | D:4      | Noticed an ogre
  3428 | D:4      | Killed an ogre
  3429 | D:4      | Reached XP level 6. HP: 40/43 MP: 0/0
  3775 | D:4      | Found Tikkiff's Magic Scroll Shop.
  3784 | D:4      | Bought a scroll of teleportation for 39 gold pieces
  3791 | D:4      | Found Usotaf's General Store.
  3926 | D:4      | Found a snail-covered altar of Cheibriados.
  4985 | D:5      | Entered Level 5 of the Dungeon
  5000 | D:5      | Noticed an ice beast
  5012 | D:5      | Killed an ice beast
  5013 | D:5      | Reached skill level 4 in Dodging
  5013 | D:5      | Reached XP level 7. HP: 33/49 MP: 0/0
  5013 | D:5      | Learned a level 3 spell: Swiftness
  5441 | D:5      | HP: 2/50 [acid (4)]
  5441 | D:5      | Slain by a jelly

Illustrated notes

Levels and vault maps discovered:
D:1:      heliophobic_arrival_glass_houses, layout_rooms,
          kennysheep_minor_cross, roderic_three_in_a_row, st_stairs_10
D:2:      layout_loops_corners, hellmonk_ecumenical_altar_run_dry
D:3:      layout_rooms, minmay_strange_pillars, st_stairs_9,
          minmay_misc_feat_tiny, minmay_box_of_dots
D:4:      layout_basic, mainiacjoe_overflow_concentric_impassable,
          portal_sewer_entry_b, serial_shops, shop, shop_scrolls
D:5:      kennysheep_spiral_hall, layout_layer_cave, lightli_minifort

Skill      XL: |  1  2  3  4  5  6  7 |
---------------+----------------------+-----
Short Blades   | 1 2 3 |  3.1
Fighting       | 1 2 3 |  3.1
Dodging        | 3 4 |  4.2
Stealth        | 3 |  3.9
Spellcasting   | 3 |  3.5

Action                   |  1- 3 |  4- 6 |  7- 9 || total
-------------------------+-------+-------+-------++-------
Melee: Dagger            |   121 |   180 |    33 ||   334
 Cast: Sting             |    13 |    11 |     1 ||    25
       Ensorcelled Hiber |       |     1 |       ||     1
       Confusing Touch   |       |     3 |     3 ||     6
 Stab: Sleeping          |     3 |     8 |     1 ||    12
       Confused          |       |     3 |     1 ||     4
Armor: Robe              |    23 |    34 |     8 ||    65
Dodge: Dodged            |    84 |   105 |    21 ||   210

Table legend: (Time is in decaauts)
 A = Elapsed time spent in this place.
 B = Non-inter-level travel time spent in this place.
 C = Inter-level travel time spent in this place.
 D = Time resting spent in this place.
 E = Time spent auto-exploring this place.
 F = Levels seen in this place.
 G = Mean time per level.
                   A        B        C        D        E       F      G
               +--------+--------+--------+--------+--------+-----+--------+
         Total |   5413 |   5287 |    126 |    665 |   3789 |   5 | 1082.6 |
       Dungeon |   5413 |   5287 |    126 |    665 |   3789 |   5 | 1082.6 |
               +--------+--------+--------+--------+--------+-----+--------+

Top non-repeatable levels by time:
     D:2: 1673 daAuts
     D:4: 1555 daAuts
     D:1: 901 daAuts
     D:3: 831 daAuts
     D:5: 452 daAuts
